Moose vs Wolfpack
Created - February 7, 2024 at 22:42
Goals
|
| Moose |
1 |
2 |
3 |
6 |
| Wolfpack |
2 |
0 |
0 |
2 |
|
Shots
|
| Moose |
9 |
12 |
15 |
36 |
| Wolfpack |
16 |
8 |
11 |
35 |
|
1st period
1. Wolfpack , Sebastian Collberg 19 (Derrick Pouliot 14, Samuel Blais 17) at 1:58
2. Wolfpack , Connor Chatam 19 (Alexander Barabanov 14, Sebastian Collberg 30) at 11:20
3. Moose , Anders Bjork 9 (Mathieu Joseph 36, Michael McLeod 32) at 15:10
Penalties :
Tomas Jurco (Man) for Roughing (Minor) at 8:31, Nolan Patrick (Har) for Hooking (Minor) at 15:52
2nd period
4. Moose , Juuso Valimaki 2 (Julien Gauthier 10) at 1:39
5. Moose , Ludwig Bystrom 8 (Michael McLeod 33, Erik Cernak 12) at 13:27 (PP)
Penalties :
Samuel Blais (Har) for Roughing (Minor) at 12:31
3rd period
6. Moose , Vinni Lettieri 4 (Nelson Nogier 4, Juuso Valimaki 10) at 13:21
7. Moose , Tomas Jurco 6 (Dylan Strome 48, Ludwig Bystrom 25) at 13:33
8. Moose , Kyle Connor 18 (Dylan Strome 49, Tomas Jurco 12) at 17:55
Penalties :
Samuel Blais (Har) for Tripping (Minor) at 0:39, Stefan Noesen (Har) for Holding (Minor) at 5:12, Ryan Culkin (Har) for Hooking (Minor) at 8:24, Sebastian Collberg (Har) for Boarding (Minor) at 10:50, Nelson Nogier (Man) for Hooking (Minor) at 19:27
Goalie Stats
Filip Gustavsson (Man), 33 saves from 35 shots - (0.943), W, 24-12-2, 60:00 minutes
Eric Comrie (Har), 30 saves from 36 shots - (0.833), L, 15-9-2, 60:00 minutes
Players Stats for Moose
Player Name G A P +/- PIM S H SB GA TA FO MP PP MP PK MP
------------------------------------------------------------------------------------
Adam Ruzicka 0 0 0 0 0 0 0 0 0 0 0/0 0:00 0:00 0:00
Anders Bjork 1 0 1 1 0 1 0 1 2 0 0/0 12:25 0:00 0:52
Boris Katchouk 0 0 0 1 0 1 1 0 0 0 0/0 6:43 0:00 0:00
Caleb Jones 0 0 0 -1 0 1 0 0 0 1 0/0 12:18 0:45 0:00
Chase De Leo 0 0 0 1 0 2 0 0 1 0 1/1 11:33 0:00 0:00
Dylan Strome 0 2 2 2 0 4 1 1 0 0 20/35 21:25 5:40 0:00
Erik Cernak 0 1 1 2 0 2 1 0 0 1 0/0 24:57 7:07 1:39
Jake Leschyshyn 0 0 0 1 0 1 1 0 0 0 1/4 7:01 0:00 0:18
Joey Keane 0 0 0 0 0 0 0 0 0 0 0/0 3:50 0:00 0:00
Josh Mahura 0 0 0 -1 0 1 0 1 0 0 0/0 11:33 0:00 0:00
Julien Gauthier 0 1 1 1 0 0 0 0 1 0 0/0 6:43 0:00 0:00
Juuso Valimaki 1 1 2 2 0 1 2 0 0 0 0/0 19:40 3:44 0:52
Kieffer Bellows 0 0 0 0 0 0 0 0 0 0 0/0 0:21 0:01 0:00
Kyle Connor 1 0 1 2 0 4 1 0 1 0 1/4 23:24 5:40 1:45
Ludwig Bystrom 1 1 2 2 0 1 4 2 0 0 0/0 28:02 6:22 1:39
Mathieu Joseph 0 1 1 -1 0 1 0 1 0 0 1/1 17:24 5:10 0:11
Max Jones 0 0 0 0 0 0 0 0 0 0 0/0 0:00 0:00 0:00
Michael McLeod 0 2 2 -1 0 4 1 0 0 0 5/11 17:13 5:10 0:00
Mitchell Stephens 0 0 0 0 0 0 0 0 0 0 0/0 0:00 0:00 0:00
Nathan Bastian 0 0 0 0 0 0 0 0 0 0 0/0 1:06 0:00 0:52
Nelson Nogier 0 1 1 2 2 1 0 1 0 0 0/0 19:39 3:44 0:52
Nick Merkley 0 0 0 0 0 0 0 0 0 0 0/0 0:21 0:01 0:00
Nikolay Goldobin 0 0 0 -1 0 2 3 0 0 0 0/0 17:45 5:10 0:32
Tomas Jurco 1 1 2 2 2 7 5 0 2 0 0/1 22:10 5:40 0:32
Vinni Lettieri 1 0 1 1 0 2 2 0 0 0 0/0 11:54 0:01 0:00
Players Stats for Wolfpack
Player Name G A P +/- PIM S H SB GA TA FO MP PP MP PK MP
------------------------------------------------------------------------------------
Alex Barre-Boulet 0 0 0 0 0 1 0 0 0 0 1/6 11:01 0:00 0:00
Alexander Barabanov 0 1 1 0 0 2 2 0 0 0 0/0 11:11 0:00 0:10
Cale Fleury 0 0 0 0 0 1 1 0 0 0 0/0 13:40 0:00 1:13
Casey Mittelstadt 0 0 0 -1 0 2 0 2 0 3 12/24 18:05 1:18 0:54
Colton White 0 0 0 -1 0 0 4 4 0 0 0/0 19:04 0:49 4:58
Connor Chatam 1 0 1 0 0 5 0 0 1 0 0/0 11:01 0:00 0:00
David Pope 0 0 0 -1 0 1 1 1 0 0 0/1 22:52 1:18 5:59
Derrick Pouliot 0 1 1 -2 0 2 2 3 0 1 0/0 28:29 1:42 5:53
Dryden Hunt 0 0 0 0 0 5 1 0 0 0 1/2 10:41 0:00 3:31
Jake Marchment 0 0 0 0 0 2 1 1 0 0 1/1 7:09 0:00 0:00
K'Andre Miller 0 0 0 0 0 0 1 1 0 1 0/0 12:27 0:00 0:00
Nolan Patrick 0 0 0 -2 2 0 1 3 0 0 5/12 15:16 1:13 1:34
Owen Tippet 0 0 0 0 0 1 0 0 0 0 0/0 7:09 0:00 0:00
Ryan Culkin 0 0 0 -1 2 1 0 0 0 1 0/0 17:54 0:49 3:45
Samuel Blais 0 1 1 -2 4 4 2 0 0 0 2/2 16:51 1:13 2:48
Sebastian Collberg 1 1 2 -2 2 3 0 1 0 1 0/1 15:38 1:13 1:56
Stefan Noesen 0 0 0 -1 2 2 1 1 1 0 6/8 22:06 1:18 4:50
Steven Santini 0 0 0 -2 0 3 0 1 0 0 0/0 28:29 1:42 5:53
3 Stars
1 - Ludwig Bystrom (Man)
2 - Juuso Valimaki (Man)
3 - Tomas Jurco (Man)
Power Play
Moose - 1 on 6 Attempt(s) - 16.67%
Wolfpack - 0 on 2 Attempt(s) - 0.00%
Penalty Kill
Moose - 2 on 2 Attempt(s) - 100.00%
- Score 0 goal in Penalty Kill
Wolfpack - 5 on 6 Attempt(s) - 83.33%
- Score 0 goal in Penalty Kill
Team Stat
Moose - Hits : 22 - Faceoff Wins : 29 - Blocked Shots : 7 - Penalty Minutes : 4
Wolfpack - Hits : 17 - Faceoff Wins : 28 - Blocked Shots : 18 - Penalty Minutes : 12
Official
Referees : Kelly Sutherland and Jacob Brenk
Linesman : James Tobias and Libor Suchanek
Game Notes
No Game Note
Finance
Level 1 -- Attendance: 1722 (86.10%) -- Ticket Income $120,540
Level 2 -- Attendance: 989 (98.90%) -- Ticket Income $39,560
Total Attendance: 2711 (90.37%)
Total Ticket Income: $160,100
Other Income: $8,005
Total Income: $168,105
Moose
5 vs 5 Forward
Center Left Wing Right Wing Time % Phy DF OF
1 Dylan Strome Kyle Connor Tomas Jurco 40 1 2 2
2 Michael McLeod Nikolay Goldobin Mathieu Joseph 30 1 2 2
3 Chase De Leo Anders Bjork Vinni Lettieri 20 1 2 2
4 Jake Leschyshyn Boris Katchouk Julien Gauthier 10 1 2 2
5 vs 5 Defense
Defense Defense Time % Phy DF OF
1 Ludwig Bystrom Erik Cernak 40 1 2 2
2 Nelson Nogier Juuso Valimaki 30 1 2 2
3 Caleb Jones Josh Mahura 20 1 2 2
4 Joey Keane Ludwig Bystrom 10 1 2 2
PowerPlay Forward
Center Left Wing Right Wing Time % Phy DF OF
1 Dylan Strome Kyle Connor Tomas Jurco 60 1 2 2
2 Michael McLeod Nikolay Goldobin Mathieu Joseph 40 1 2 2
PowerPlay Defense
Defense Defense Time % Phy DF OF
1 Ludwig Bystrom Erik Cernak 60 1 2 2
2 Nelson Nogier Juuso Valimaki 40 1 2 2
Penalty Kill 4 Players Forward
Center Wing Time % Phy DF OF
1 Kyle Connor Tomas Jurco 60 1 2 2
2 Mathieu Joseph Nikolay Goldobin 40 1 2 2
Penalty Kill 4 Players Defense
Defense Defense Time % Phy DF OF
1 Ludwig Bystrom Erik Cernak 60 1 2 2
2 Nelson Nogier Juuso Valimaki 40 1 2 2
Penalty Kill - 3 Players Forward
Forward Time % Phy DF OF
1 Kyle Connor 60 1 2 2
2 Tomas Jurco 40 1 2 2
Penalty Kill - 3 Players Defense
Defense Defense Time % Phy DF OF
1 Ludwig Bystrom Erik Cernak 60 1 2 2
2 Nelson Nogier Juuso Valimaki 40 1 2 2
4 vs 4 Forward
Center Wing Time % Phy DF OF
1 Kyle Connor Tomas Jurco 60 1 2 2
2 Mathieu Joseph Nikolay Goldobin 40 1 2 2
4 vs 4 Defense
Defense Defense Time % Phy DF OF
1 Ludwig Bystrom Erik Cernak 60 1 2 2
2 Nelson Nogier Juuso Valimaki 40 1 2 2
Last Minutes Offensive
Center Left Wing Right Wing Defense Defense
Dylan Strome Kyle Connor Tomas Jurco Ludwig Bystrom Erik Cernak
Last Minutes Defensive
Center Left Wing Right Wing Defense Defense
Dylan Strome Kyle Connor Tomas Jurco Ludwig Bystrom Erik Cernak
Goaltenders
Starting : Filip Gustavsson
Backup : Karel Vejmelka
Extra Forwards
Normal : Nick Merkley, Kieffer Bellows, Nathan Bastian - PP : Nick Merkley, Kieffer Bellows - PK : Nathan Bastian
Extra Defensemen
Normal : Caleb Jones, Josh Mahura, Joey Keane - PP : Caleb Jones - PK : Josh Mahura, Joey Keane
Penalty Shots
Kyle Connor, Tomas Jurco, Mathieu Joseph, Nikolay Goldobin, Dylan Strome
Custom OT Lines Forwards
Kyle Connor, Tomas Jurco, Mathieu Joseph, Nikolay Goldobin, Dylan Strome, Michael McLeod, Chase De Leo, Vinni Lettieri, Anders Bjork, Julien Gauthier
Custom OT Lines Defensemen
Ludwig Bystrom, Erik Cernak, Nelson Nogier, Juuso Valimaki, Caleb Jones
Scratches
Riley Damiani (Healthy), Alexander Khovanov (Healthy), Matthew Benning (Strained Right Elbow Injury), Urho Vaakanainen (Healthy), Jonathan Kovacevic (Healthy)
Adam Ginning (Healthy), Jonny Tychonick (Healthy), William Bitten (Healthy), Jonatan Berggren (Healthy), Joey Daccord (Healthy)
Daniel Vladar (Healthy)
Wolfpack
5 vs 5 Forward
Center Left Wing Right Wing Time % Phy DF OF
1 Casey Mittelstadt David Pope Stefan Noesen 40 1 2 2
2 Nolan Patrick Samuel Blais Sebastian Collberg 30 1 2 2
3 Alex Barre-Boulet Alexander Barabanov Connor Chatam 20 1 2 2
4 Jake Marchment Dryden Hunt Owen Tippet 10 1 2 2
5 vs 5 Defense
Defense Defense Time % Phy DF OF
1 Derrick Pouliot Steven Santini 40 1 2 2
2 Ryan Culkin Colton White 30 1 2 2
3 K'Andre Miller Cale Fleury 20 1 2 2
4 Derrick Pouliot Steven Santini 10 1 2 2
PowerPlay Forward
Center Left Wing Right Wing Time % Phy DF OF
1 Casey Mittelstadt David Pope Stefan Noesen 60 1 2 2
2 Nolan Patrick Samuel Blais Sebastian Collberg 40 1 2 2
PowerPlay Defense
Defense Defense Time % Phy DF OF
1 Derrick Pouliot Steven Santini 60 1 2 2
2 Ryan Culkin Colton White 40 1 2 2
Penalty Kill 4 Players Forward
Center Wing Time % Phy DF OF
1 Stefan Noesen David Pope 60 1 2 2
2 Samuel Blais Sebastian Collberg 40 1 2 2
Penalty Kill 4 Players Defense
Defense Defense Time % Phy DF OF
1 Derrick Pouliot Steven Santini 60 1 2 2
2 Ryan Culkin Colton White 40 1 2 2
Penalty Kill - 3 Players Forward
Forward Time % Phy DF OF
1 Stefan Noesen 60 1 2 2
2 David Pope 40 1 2 2
Penalty Kill - 3 Players Defense
Defense Defense Time % Phy DF OF
1 Derrick Pouliot Steven Santini 60 1 2 2
2 Ryan Culkin Colton White 40 1 2 2
4 vs 4 Forward
Center Wing Time % Phy DF OF
1 Stefan Noesen David Pope 60 1 2 2
2 Samuel Blais Sebastian Collberg 40 1 2 2
4 vs 4 Defense
Defense Defense Time % Phy DF OF
1 Derrick Pouliot Steven Santini 60 1 2 2
2 Ryan Culkin Colton White 40 1 2 2
Last Minutes Offensive
Center Left Wing Right Wing Defense Defense
Casey Mittelstadt David Pope Stefan Noesen Derrick Pouliot Steven Santini
Last Minutes Defensive
Center Left Wing Right Wing Defense Defense
Casey Mittelstadt David Pope Stefan Noesen Derrick Pouliot Steven Santini
Goaltenders
Starting : Eric Comrie
Backup : Mike Condon
Extra Forwards
Normal : Connor Chatam, Alexander Barabanov, Dryden Hunt - PP : Connor Chatam, Alexander Barabanov - PK : Dryden Hunt
Extra Defensemen
Normal : K'Andre Miller, Cale Fleury, Ryan Culkin - PP : K'Andre Miller - PK : Cale Fleury, Ryan Culkin
Penalty Shots
Stefan Noesen, David Pope, Samuel Blais, Sebastian Collberg, Connor Chatam
Custom OT Lines Forwards
Stefan Noesen, David Pope, Samuel Blais, Sebastian Collberg, Connor Chatam, Casey Mittelstadt, Alexander Barabanov, Nolan Patrick, Dryden Hunt, Owen Tippet
Custom OT Lines Defensemen
Derrick Pouliot, Steven Santini, Ryan Culkin, Colton White, K'Andre Miller
Scratches
Ryan Poehling (Healthy), Mason Shaw (Healthy), Samuel Houde (Healthy), Dylan Samberg (Healthy), Joshua Jacobs (Healthy)
Mikhail Vorobyev (Healthy), Will Borgen (Healthy), Andrew Peeke (Healthy), Dante Fabbro (Healthy), Jeffrey Viel (Healthy)
Yegor Korshkov (Healthy), Linus Sandin (Healthy), Alexander Volkov (Healthy), Jack Drury (Healthy), Jakub Lauko (Healthy)
Martin Kaut (Healthy), Mathias Laferriere (Healthy), Samuel Ersson (Healthy), Jake Paterson (Healthy)
% Time on Ice - Moose
Lines # - Real PCT - Wanted PCT - Time Play
Normal Forward
1 - 35% - 40% - 16:19
2 - 26% - 30% - 12:03
3 - 25% - 20% - 11:33
4 - 14% - 10% - 6:43
Normal Defense
1 - 35% - 40% - 16:11
2 - 32% - 30% - 15:04
3 - 25% - 20% - 11:33
4 - 8% - 10% - 3:50
PP Forward
1 - 52% - 60% - 5:41
2 - 48% - 40% - 5:10
PP Defense
1 - 66% - 60% - 7:07
2 - 34% - 40% - 3:44
PK Forward
1 - 93% - 60% - 2:20
2 - 7% - 40% - 0:11
PK Defense
1 - 66% - 60% - 1:39
2 - 34% - 40% - 0:52
PK3 Forward
1 - 0% - 60%
2 - 0% - 40%
PK3 Defense
1 - 0% - 60%
2 - 0% - 40%
44 Forward
1 - 0% - 60%
2 - 0% - 40%
44 Defense
1 - 0% - 60%
2 - 0% - 40%
Last Minute Offensive - 0:00
Last Minute Defensive - 0:00
Total
Forward - 60:00
Defense - 60:00
|
% Time on Ice - Wolfpack
Lines # - Real PCT - Wanted PCT - Time Play
Normal Forward
1 - 34% - 40% - 15:59
2 - 27% - 30% - 12:29
3 - 24% - 20% - 11:01
4 - 15% - 10% - 7:09
Normal Defense
1 - 40% - 40% - 18:53
2 - 28% - 30% - 13:17
3 - 27% - 20% - 12:27
4 - 4% - 10% - 2:01
PP Forward
1 - 52% - 60% - 1:18
2 - 48% - 40% - 1:13
PP Defense
1 - 68% - 60% - 1:42
2 - 32% - 40% - 0:49
PK Forward
1 - 75% - 60% - 8:05
2 - 25% - 40% - 2:46
PK Defense
1 - 54% - 60% - 5:53
2 - 46% - 40% - 4:58
PK3 Forward
1 - 0% - 60%
2 - 0% - 40%
PK3 Defense
1 - 0% - 60%
2 - 0% - 40%
44 Forward
1 - 0% - 60%
2 - 0% - 40%
44 Defense
1 - 0% - 60%
2 - 0% - 40%
Last Minute Offensive - 0:00
Last Minute Defensive - 0:00
Total
Forward - 60:00
Defense - 60:00
|
Play-by-Play
1st period
0:01 of 1st period - Casey Mittelstadt wins face-off versus Dylan Strome in neutral zone.
0:26 of 1st period - Nolan Patrick is hit by Ludwig Bystrom and loses puck.
1:36 of 1st period - Snap shot by Tomas Jurco.
1:36 of 1st period - Deflect By Kyle Connor.
1:36 of 1st period - Stopped by Eric Comrie without a rebound.
1:37 of 1st period - Casey Mittelstadt wins face-off versus Dylan Strome in Wolfpack zone.
1:42 of 1st period - K'Andre Miller is hit by Tomas Jurco.
1:46 of 1st period - Snap shot by Kyle Connor.
1:46 of 1st period - Shot Blocked by K'Andre Miller.
1:48 of 1st period - Slapshot by Caleb Jones.
1:48 of 1st period - Deflect By K'Andre Miller.
1:48 of 1st period - Stopped by Eric Comrie without a rebound.
1:49 of 1st period - Nolan Patrick wins face-off versus Michael McLeod in Wolfpack zone.
1:56 of 1st period - Slapshot by Derrick Pouliot.
1:56 of 1st period - Deflect By Nikolay Goldobin.
1:56 of 1st period - Stopped by Filip Gustavsson with a rebound.
1:58 of 1st period - Wrist shot by Sebastian Collberg.
1:58 of 1st period - Goal by Sebastian Collberg - Moose : 0 - Wolfpack : 1.
1:59 of 1st period - Dylan Strome wins face-off versus David Pope in neutral zone.
2:01 of 1st period - Off-side.
2:02 of 1st period - Dylan Strome wins face-off versus Casey Mittelstadt in neutral zone.
2:09 of 1st period - Stefan Noesen is hit by Tomas Jurco and loses puck.
2:57 of 1st period - Snap shot by Alexander Barabanov.
2:57 of 1st period - Shot Misses the Net.
2:59 of 1st period - Slapshot by Steven Santini.
2:59 of 1st period - Stopped by Filip Gustavsson with a rebound.
3:09 of 1st period - K'Andre Miller is hit by Juuso Valimaki and loses puck.
3:57 of 1st period - Wrist shot by Sebastian Collberg.
3:57 of 1st period - Stopped by Filip Gustavsson with a rebound.
4:17 of 1st period - Nelson Nogier is hit by Alexander Barabanov and loses puck.
4:42 of 1st period - Snap shot by Dryden Hunt.
4:42 of 1st period - Stopped by Filip Gustavsson with a rebound.
5:06 of 1st period - Nelson Nogier is hit by David Pope.
5:47 of 1st period - Wrist shot by Michael McLeod.
5:47 of 1st period - Stopped by Eric Comrie without a rebound.
5:48 of 1st period - Nolan Patrick wins face-off versus Dylan Strome in Wolfpack zone.
5:48 of 1st period - Nolan Patrick is hit by Kyle Connor.
5:58 of 1st period - Wrist shot by Samuel Blais.
5:58 of 1st period - Stopped by Filip Gustavsson with a rebound.
6:00 of 1st period - Slapshot by K'Andre Miller.
6:00 of 1st period - Shot Blocked by Ludwig Bystrom.
6:04 of 1st period - Snap shot by Samuel Blais.
6:04 of 1st period - Shot Misses the Net.
6:37 of 1st period - Slapshot by Erik Cernak.
6:37 of 1st period - Shot Misses the Net.
6:39 of 1st period - Slapshot by Erik Cernak.
6:39 of 1st period - Stopped by Eric Comrie with a rebound.
6:41 of 1st period - Slapshot by Ludwig Bystrom.
6:41 of 1st period - Shot Misses the Net.
6:59 of 1st period - Wrist shot by Sebastian Collberg.
6:59 of 1st period - Stopped by Filip Gustavsson without a rebound.
7:00 of 1st period - Dylan Strome wins face-off versus Alex Barre-Boulet in Moose zone.
7:56 of 1st period - Wrist shot by Dryden Hunt.
7:56 of 1st period - Stopped by Filip Gustavsson with a rebound.
8:31 of 1st period - Minor Penalty to Tomas Jurco for Roughing.
8:32 of 1st period - Kyle Connor wins face-off versus Casey Mittelstadt in Moose zone.
8:32 of 1st period - Kyle Connor is hit by Derrick Pouliot.
10:02 of 1st period - Icing by Samuel Blais.
10:03 of 1st period - Nolan Patrick wins face-off versus Kyle Connor in Wolfpack zone.
10:31 of 1st period - Penalty to Tomas Jurco is over, Tomas Jurco is back on ice.
10:42 of 1st period - Snap shot by Alexander Barabanov.
10:42 of 1st period - Stopped by Filip Gustavsson with a rebound.
10:44 of 1st period - Slapshot by Cale Fleury.
10:44 of 1st period - Stopped by Filip Gustavsson without a rebound.
10:45 of 1st period - Nolan Patrick wins face-off versus Michael McLeod in Moose zone.
11:16 of 1st period - Snap shot by Alexander Barabanov.
11:16 of 1st period - Shot Misses the Net.
11:18 of 1st period - Wrist shot by Connor Chatam.
11:18 of 1st period - Stopped by Filip Gustavsson with a rebound.
11:20 of 1st period - Snap shot by Connor Chatam.
11:20 of 1st period - Goal by Connor Chatam - Moose : 0 - Wolfpack : 2.
11:21 of 1st period - Dylan Strome wins face-off versus Casey Mittelstadt in neutral zone.
11:54 of 1st period - Slapshot by Samuel Blais.
11:54 of 1st period - Stopped by Filip Gustavsson with a rebound.
11:56 of 1st period - Slapshot by Derrick Pouliot.
11:56 of 1st period - Shot Blocked by Mathieu Joseph.
12:42 of 1st period - Wrist shot by Dryden Hunt.
12:42 of 1st period - Stopped by Filip Gustavsson with a rebound.
12:44 of 1st period - Slapshot by Steven Santini.
12:44 of 1st period - Shot Misses the Net.
13:06 of 1st period - Snap shot by Tomas Jurco.
13:06 of 1st period - Shot Misses the Net.
13:08 of 1st period - Slapshot by Tomas Jurco.
13:08 of 1st period - Shot Blocked by Colton White.
13:51 of 1st period - Snap shot by Alex Barre-Boulet.
13:51 of 1st period - Stopped by Filip Gustavsson with a rebound.
14:07 of 1st period - Owen Tippet is hit by Jake Leschyshyn and loses puck.
14:34 of 1st period - Snap shot by Dylan Strome.
14:34 of 1st period - Deflect By Tomas Jurco.
14:34 of 1st period - Deflect By David Pope.
14:34 of 1st period - Stopped by Eric Comrie with a rebound.
15:10 of 1st period - Slapshot by Anders Bjork.
15:10 of 1st period - Goal by Anders Bjork - Moose : 1 - Wolfpack : 2.
15:11 of 1st period - Dylan Strome wins face-off versus Casey Mittelstadt in neutral zone.
15:52 of 1st period - Minor Penalty to Nolan Patrick for Hooking.
15:53 of 1st period - Stefan Noesen wins face-off versus Dylan Strome in Wolfpack zone.
15:53 of 1st period - Stefan Noesen is hit by Erik Cernak.
16:05 of 1st period - Slapshot by Dylan Strome.
16:05 of 1st period - Stopped by Eric Comrie with a rebound.
17:52 of 1st period - Penalty to Nolan Patrick is over, Nolan Patrick is back on ice.
18:05 of 1st period - Anders Bjork is hit by K'Andre Miller and loses puck.
18:32 of 1st period - Chase De Leo is hit by Colton White and loses puck.
19:00 of 1st period - Alex Barre-Boulet is hit by Vinni Lettieri and loses puck.
19:11 of 1st period - Slapshot by Chase De Leo.
19:11 of 1st period - Stopped by Eric Comrie without a rebound.
19:12 of 1st period - Casey Mittelstadt wins face-off versus Tomas Jurco in Wolfpack zone.
19:26 of 1st period - Snap shot by Dylan Strome.
19:26 of 1st period - Stopped by Eric Comrie with a rebound.
19:47 of 1st period - Backhand shot by Samuel Blais.
19:47 of 1st period - Stopped by Filip Gustavsson without a rebound.
19:48 of 1st period - Stefan Noesen wins face-off versus Dylan Strome in Moose zone.
Goals for this period are 1 for Moose vs 2 for Wolfpack.
Shots for this period are 9 for Moose vs 16 for Wolfpack.
2nd period
0:01 of 2nd period - Casey Mittelstadt wins face-off versus Dylan Strome in neutral zone.
0:14 of 2nd period - Wrist shot by David Pope.
0:14 of 2nd period - Shot Misses the Net.
0:16 of 2nd period - Wrist shot by Stefan Noesen.
0:16 of 2nd period - Stopped by Filip Gustavsson without a rebound.
0:17 of 2nd period - Michael McLeod wins face-off versus Nolan Patrick in Moose zone.
0:28 of 2nd period - Wrist shot by Mathieu Joseph.
0:28 of 2nd period - Shot Blocked by Nolan Patrick.
1:06 of 2nd period - Snap shot by Alexander Barabanov.
1:06 of 2nd period - Stopped by Filip Gustavsson without a rebound.
1:07 of 2nd period - Michael McLeod wins face-off versus Alex Barre-Boulet in Moose zone.
1:09 of 2nd period - Icing by Mathieu Joseph.
1:10 of 2nd period - Casey Mittelstadt wins face-off versus Michael McLeod in Moose zone.
1:39 of 2nd period - Slapshot by Juuso Valimaki.
1:39 of 2nd period - Goal by Juuso Valimaki - Moose : 2 - Wolfpack : 2.
1:40 of 2nd period - Casey Mittelstadt wins face-off versus Dylan Strome in neutral zone.
2:29 of 2nd period - Nelson Nogier is hit by Colton White and loses puck.
2:48 of 2nd period - Nelson Nogier is hit by Jake Marchment and loses puck.
2:57 of 2nd period - Snap shot by Chase De Leo.
2:57 of 2nd period - Stopped by Eric Comrie with a rebound.
3:50 of 2nd period - Icing by Nelson Nogier.
3:51 of 2nd period - Dylan Strome wins face-off versus Casey Mittelstadt in Moose zone.
3:58 of 2nd period - Snap shot by Dylan Strome.
3:58 of 2nd period - Shot Misses the Net.
4:05 of 2nd period - Off-side.
4:06 of 2nd period - Samuel Blais wins face-off versus Michael McLeod in neutral zone.
4:52 of 2nd period - Wrist shot by Boris Katchouk.
4:52 of 2nd period - Stopped by Eric Comrie without a rebound.
4:53 of 2nd period - Alex Barre-Boulet wins face-off versus Jake Leschyshyn in Wolfpack zone.
5:18 of 2nd period - Casey Mittelstadt is hit by Tomas Jurco and loses puck.
5:29 of 2nd period - Snap shot by Kyle Connor.
5:29 of 2nd period - Stopped by Eric Comrie with a rebound.
5:49 of 2nd period - Snap shot by Sebastian Collberg.
5:49 of 2nd period - Shot Misses the Net.
6:11 of 2nd period - Alex Barre-Boulet is hit by Nikolay Goldobin and loses puck.
6:30 of 2nd period - Wrist shot by Dylan Strome.
6:30 of 2nd period - Shot Blocked by Jake Marchment.
6:32 of 2nd period - Snap shot by Tomas Jurco.
6:32 of 2nd period - Shot Blocked by Colton White.
6:34 of 2nd period - Snap shot by Tomas Jurco.
6:34 of 2nd period - Stopped by Eric Comrie without a rebound.
6:35 of 2nd period - Mathieu Joseph wins face-off versus Casey Mittelstadt in Wolfpack zone.
6:48 of 2nd period - Snap shot by David Pope.
6:48 of 2nd period - Deflect By Casey Mittelstadt.
6:48 of 2nd period - Stopped by Filip Gustavsson without a rebound.
6:49 of 2nd period - Dylan Strome wins face-off versus Casey Mittelstadt in Moose zone.
7:25 of 2nd period - Snap shot by Mathieu Joseph.
7:25 of 2nd period - Shot Blocked by Sebastian Collberg.
7:27 of 2nd period - Snap shot by Nikolay Goldobin.
7:27 of 2nd period - Shot Misses the Net.
7:39 of 2nd period - Juuso Valimaki is hit by Alexander Barabanov and loses puck.
8:08 of 2nd period - Chase De Leo is hit by Stefan Noesen and loses puck.
9:14 of 2nd period - Icing by Derrick Pouliot.
9:15 of 2nd period - Dylan Strome wins face-off versus Alex Barre-Boulet in Wolfpack zone.
9:18 of 2nd period - Slapshot by Tomas Jurco.
9:18 of 2nd period - Stopped by Eric Comrie with a rebound.
9:43 of 2nd period - Off-side.
9:44 of 2nd period - Casey Mittelstadt wins face-off versus Michael McLeod in neutral zone.
10:29 of 2nd period - Snap shot by Tomas Jurco.
10:29 of 2nd period - Stopped by Eric Comrie without a rebound.
10:30 of 2nd period - Jake Leschyshyn wins face-off versus Dryden Hunt in Wolfpack zone.
10:43 of 2nd period - Slapshot by Colton White.
10:43 of 2nd period - Shot Misses the Net.
11:03 of 2nd period - Slapshot by Steven Santini.
11:03 of 2nd period - Shot Blocked by Dylan Strome.
11:24 of 2nd period - Wrist shot by Stefan Noesen.
11:24 of 2nd period - Shot Misses the Net.
11:26 of 2nd period - Wrist shot by David Pope.
11:26 of 2nd period - Shot Blocked by Josh Mahura.
11:36 of 2nd period - Sebastian Collberg is hit by Vinni Lettieri and loses puck.
12:19 of 2nd period - Snap shot by David Pope.
12:19 of 2nd period - Stopped by Filip Gustavsson with a rebound.
12:21 of 2nd period - Wrist shot by Casey Mittelstadt.
12:21 of 2nd period - Stopped by Filip Gustavsson without a rebound.
12:22 of 2nd period - Dylan Strome wins face-off versus Nolan Patrick in Moose zone.
12:22 of 2nd period - Dylan Strome is hit by Samuel Blais.
12:31 of 2nd period - Minor Penalty to Samuel Blais for Roughing.
12:32 of 2nd period - Dylan Strome wins face-off versus Stefan Noesen in Wolfpack zone.
12:35 of 2nd period - Wrist shot by Tomas Jurco.
12:35 of 2nd period - Stopped by Eric Comrie without a rebound.
12:36 of 2nd period - Stefan Noesen wins face-off versus Dylan Strome in Wolfpack zone.
13:25 of 2nd period - Snap shot by Michael McLeod.
13:25 of 2nd period - Stopped by Eric Comrie with a rebound.
13:27 of 2nd period - Slapshot by Ludwig Bystrom.
13:27 of 2nd period - Deflect By Ryan Culkin.
13:27 of 2nd period - Goal by Ludwig Bystrom - Moose : 3 - Wolfpack : 2.
13:28 of 2nd period - Dylan Strome wins face-off versus Casey Mittelstadt in neutral zone.
13:33 of 2nd period - Slapshot by Dylan Strome.
13:33 of 2nd period - Shot Misses the Net.
13:37 of 2nd period - Snap shot by Dylan Strome.
13:37 of 2nd period - Shot Misses the Net.
13:39 of 2nd period - Slapshot by Nelson Nogier.
13:39 of 2nd period - Shot Blocked by Casey Mittelstadt.
13:41 of 2nd period - Wrist shot by Nelson Nogier.
13:41 of 2nd period - Shot Misses the Net.
13:55 of 2nd period - Mathieu Joseph is hit by Nolan Patrick and loses puck.
14:06 of 2nd period - Slapshot by Steven Santini.
14:06 of 2nd period - Stopped by Filip Gustavsson with a rebound.
14:24 of 2nd period - Wrist shot by Chase De Leo.
14:24 of 2nd period - Shot Misses the Net.
14:26 of 2nd period - Snap shot by Chase De Leo.
14:26 of 2nd period - Shot Misses the Net.
14:28 of 2nd period - Slapshot by Josh Mahura.
14:28 of 2nd period - Shot Blocked by Nolan Patrick.
14:44 of 2nd period - Snap shot by Connor Chatam.
14:44 of 2nd period - Stopped by Filip Gustavsson without a rebound.
14:45 of 2nd period - Dylan Strome wins face-off versus Alex Barre-Boulet in Moose zone.
14:45 of 2nd period - Dylan Strome is hit by Colton White.
14:59 of 2nd period - Slapshot by Tomas Jurco.
14:59 of 2nd period - Shot Misses the Net.
15:01 of 2nd period - Slapshot by Erik Cernak.
15:01 of 2nd period - Stopped by Eric Comrie with a rebound.
15:08 of 2nd period - Icing by Alexander Barabanov.
15:09 of 2nd period - Casey Mittelstadt wins face-off versus Michael McLeod in Wolfpack zone.
15:09 of 2nd period - Casey Mittelstadt is hit by Juuso Valimaki.
15:15 of 2nd period - Slapshot by Ryan Culkin.
15:15 of 2nd period - Stopped by Filip Gustavsson with a rebound.
15:46 of 2nd period - K'Andre Miller is hit by Tomas Jurco and loses puck.
16:08 of 2nd period - Snap shot by Cale Fleury.
16:08 of 2nd period - Shot Blocked by Ludwig Bystrom.
16:10 of 2nd period - Snap shot by Alex Barre-Boulet.
16:10 of 2nd period - Shot Misses the Net.
17:04 of 2nd period - Snap shot by Dylan Strome.
17:04 of 2nd period - Shot Misses the Net.
17:45 of 2nd period - Slapshot by Mathieu Joseph.
17:45 of 2nd period - Shot Misses the Net.
18:07 of 2nd period - Snap shot by Dylan Strome.
18:07 of 2nd period - Stopped by Eric Comrie with a rebound.
18:29 of 2nd period - Snap shot by Sebastian Collberg.
18:29 of 2nd period - Shot Misses the Net.
18:55 of 2nd period - Juuso Valimaki is hit by Cale Fleury and loses puck.
19:39 of 2nd period - Nikolay Goldobin is hit by Derrick Pouliot and loses puck.
19:46 of 2nd period - Sebastian Collberg is hit by Nikolay Goldobin and loses puck.
Goals for this period are 2 for Moose vs 0 for Wolfpack.
Shots for this period are 12 for Moose vs 8 for Wolfpack.
3rd period
0:01 of 3rd period - Dylan Strome wins face-off versus Casey Mittelstadt in neutral zone.
0:34 of 3rd period - Snap shot by Vinni Lettieri.
0:34 of 3rd period - Stopped by Eric Comrie without a rebound.
0:35 of 3rd period - Michael McLeod wins face-off versus Sebastian Collberg in Wolfpack zone.
0:39 of 3rd period - Minor Penalty to Samuel Blais for Tripping.
0:40 of 3rd period - Stefan Noesen wins face-off versus Dylan Strome in Wolfpack zone.
1:01 of 3rd period - Stefan Noesen is hit by Ludwig Bystrom and loses puck.
1:20 of 3rd period - Wrist shot by Michael McLeod.
1:20 of 3rd period - Shot Blocked by Colton White.
1:50 of 3rd period - Derrick Pouliot is hit by Nikolay Goldobin and loses puck.
2:39 of 3rd period - Penalty to Samuel Blais is over, Samuel Blais is back on ice.
3:06 of 3rd period - Slapshot by Jake Marchment.
3:06 of 3rd period - Stopped by Filip Gustavsson without a rebound.
3:07 of 3rd period - Jake Marchment wins face-off versus Jake Leschyshyn in Moose zone.
3:08 of 3rd period - Backhand shot by Dryden Hunt.
3:08 of 3rd period - Stopped by Filip Gustavsson with a rebound.
3:18 of 3rd period - Snap shot by Jake Leschyshyn.
3:18 of 3rd period - Stopped by Eric Comrie with a rebound.
3:20 of 3rd period - Snap shot by Josh Mahura.
3:20 of 3rd period - Stopped by Eric Comrie without a rebound.
3:21 of 3rd period - Casey Mittelstadt wins face-off versus Dylan Strome in Wolfpack zone.
4:14 of 3rd period - Snap shot by Owen Tippet.
4:14 of 3rd period - Stopped by Filip Gustavsson with a rebound.
4:18 of 3rd period - Wrist shot by Jake Marchment.
4:18 of 3rd period - Stopped by Filip Gustavsson with a rebound.
4:20 of 3rd period - Snap shot by Dryden Hunt.
4:20 of 3rd period - Stopped by Filip Gustavsson with a rebound.
4:34 of 3rd period - Snap shot by Connor Chatam.
4:34 of 3rd period - Shot Blocked by Anders Bjork.
4:36 of 3rd period - Snap shot by Connor Chatam.
4:36 of 3rd period - Stopped by Filip Gustavsson with a rebound.
4:38 of 3rd period - Snap shot by Connor Chatam.
4:38 of 3rd period - Stopped by Filip Gustavsson with a rebound.
5:00 of 3rd period - Slapshot by Tomas Jurco.
5:00 of 3rd period - Shot Blocked by Derrick Pouliot.
5:02 of 3rd period - Slapshot by Ludwig Bystrom.
5:02 of 3rd period - Shot Misses the Net.
5:04 of 3rd period - Slapshot by Ludwig Bystrom.
5:04 of 3rd period - Shot Misses the Net.
5:06 of 3rd period - Snap shot by Ludwig Bystrom.
5:06 of 3rd period - Shot Blocked by David Pope.
5:12 of 3rd period - Minor Penalty to Stefan Noesen for Holding.
5:13 of 3rd period - Dryden Hunt wins face-off versus Kyle Connor in Wolfpack zone.
5:28 of 3rd period - Snap shot by Tomas Jurco.
5:28 of 3rd period - Shot Misses the Net.
5:30 of 3rd period - Snap shot by Tomas Jurco.
5:30 of 3rd period - Shot Blocked by Colton White.
5:40 of 3rd period - David Pope is hit by Michael McLeod and loses puck.
7:12 of 3rd period - Penalty to Stefan Noesen is over, Stefan Noesen is back on ice.
8:11 of 3rd period - Icing by Caleb Jones.
8:12 of 3rd period - Chase De Leo wins face-off versus Alex Barre-Boulet in Moose zone.
8:24 of 3rd period - Minor Penalty to Ryan Culkin for Hooking.
8:25 of 3rd period - Stefan Noesen wins face-off versus Dylan Strome in Wolfpack zone.
8:38 of 3rd period - Cale Fleury is hit by Tomas Jurco and loses puck.
9:01 of 3rd period - Snap shot by Mathieu Joseph.
9:01 of 3rd period - Stopped by Eric Comrie without a rebound.
9:02 of 3rd period - Michael McLeod wins face-off versus Stefan Noesen in Wolfpack zone.
9:13 of 3rd period - Snap shot by Michael McLeod.
9:13 of 3rd period - Stopped by Eric Comrie with a rebound.
9:25 of 3rd period - Wrist shot by Mathieu Joseph.
9:25 of 3rd period - Shot Blocked by Derrick Pouliot.
9:27 of 3rd period - Wrist shot by Nikolay Goldobin.
9:27 of 3rd period - Stopped by Eric Comrie with a rebound.
9:29 of 3rd period - Snap shot by Mathieu Joseph.
9:29 of 3rd period - Shot Blocked by Stefan Noesen.
9:31 of 3rd period - Snap shot by Michael McLeod.
9:31 of 3rd period - Shot Blocked by Steven Santini.
9:33 of 3rd period - Snap shot by Nikolay Goldobin.
9:33 of 3rd period - Stopped by Eric Comrie without a rebound.
9:34 of 3rd period - Samuel Blais wins face-off versus Dylan Strome in Wolfpack zone.
10:24 of 3rd period - Penalty to Ryan Culkin is over, Ryan Culkin is back on ice.
10:35 of 3rd period - Slapshot by Derrick Pouliot.
10:35 of 3rd period - Stopped by Filip Gustavsson with a rebound.
10:37 of 3rd period - Slapshot by Derrick Pouliot.
10:37 of 3rd period - Shot Blocked by Nelson Nogier.
10:39 of 3rd period - Slapshot by Steven Santini.
10:39 of 3rd period - Stopped by Filip Gustavsson without a rebound.
10:40 of 3rd period - Dylan Strome wins face-off versus Nolan Patrick in Moose zone.
10:45 of 3rd period - Snap shot by Sebastian Collberg.
10:45 of 3rd period - Deflect By Samuel Blais.
10:45 of 3rd period - Shot Misses the Net.
10:45 of 3rd period - Puck is out of play.
10:46 of 3rd period - Dylan Strome wins face-off versus Nolan Patrick in Moose zone.
10:50 of 3rd period - Minor Penalty to Sebastian Collberg for Boarding.
10:51 of 3rd period - Stefan Noesen wins face-off versus Dylan Strome in Wolfpack zone.
11:25 of 3rd period - Wrist shot by Mathieu Joseph.
11:25 of 3rd period - Shot Blocked by Derrick Pouliot.
12:41 of 3rd period - Icing by Erik Cernak.
12:42 of 3rd period - Dylan Strome wins face-off versus Nolan Patrick in Moose zone.
12:50 of 3rd period - Penalty to Sebastian Collberg is over, Sebastian Collberg is back on ice.
13:19 of 3rd period - Slapshot by Nelson Nogier.
13:19 of 3rd period - Stopped by Eric Comrie with a rebound.
13:21 of 3rd period - Snap shot by Vinni Lettieri.
13:21 of 3rd period - Goal by Vinni Lettieri - Moose : 4 - Wolfpack : 2.
13:22 of 3rd period - Dylan Strome wins face-off versus Casey Mittelstadt in neutral zone.
13:31 of 3rd period - Slapshot by Dylan Strome.
13:31 of 3rd period - Shot Misses the Net.
13:33 of 3rd period - Wrist shot by Tomas Jurco.
13:33 of 3rd period - Goal by Tomas Jurco - Moose : 5 - Wolfpack : 2.
13:34 of 3rd period - Casey Mittelstadt wins face-off versus Dylan Strome in neutral zone.
14:01 of 3rd period - Sebastian Collberg is hit by Ludwig Bystrom and loses puck.
15:50 of 3rd period - Connor Chatam is hit by Boris Katchouk and loses puck.
16:34 of 3rd period - Owen Tippet is hit by Dylan Strome and loses puck.
16:41 of 3rd period - Dylan Strome is hit by Dryden Hunt and loses puck.
16:56 of 3rd period - Icing by Nelson Nogier.
16:57 of 3rd period - Casey Mittelstadt wins face-off versus Jake Leschyshyn in Moose zone.
17:02 of 3rd period - Snap shot by Stefan Noesen.
17:02 of 3rd period - Stopped by Filip Gustavsson without a rebound.
17:03 of 3rd period - Dylan Strome wins face-off versus Casey Mittelstadt in Moose zone.
17:03 of 3rd period - Dylan Strome is hit by Colton White.
17:37 of 3rd period - Wrist shot by Samuel Blais.
17:37 of 3rd period - Stopped by Filip Gustavsson with a rebound.
17:39 of 3rd period - Snap shot by Samuel Blais.
17:39 of 3rd period - Deflect By Nolan Patrick.
17:39 of 3rd period - Shot Misses the Net.
17:39 of 3rd period - Puck is out of play.
17:40 of 3rd period - Dylan Strome wins face-off versus Nolan Patrick in Moose zone.
17:55 of 3rd period - Snap shot by Kyle Connor.
17:55 of 3rd period - Goal by Kyle Connor - Moose : 6 - Wolfpack : 2.
17:56 of 3rd period - Dylan Strome wins face-off versus Casey Mittelstadt in neutral zone.
18:03 of 3rd period - Snap shot by Kyle Connor.
18:03 of 3rd period - Stopped by Eric Comrie without a rebound.
18:04 of 3rd period - Casey Mittelstadt wins face-off versus Dylan Strome in Wolfpack zone.
18:04 of 3rd period - Casey Mittelstadt is hit by Ludwig Bystrom.
19:01 of 3rd period - Snap shot by Dylan Strome.
19:01 of 3rd period - Stopped by Eric Comrie with a rebound.
19:03 of 3rd period - Backhand shot by Dylan Strome.
19:03 of 3rd period - Shot Blocked by Casey Mittelstadt.
19:05 of 3rd period - Wrist shot by Tomas Jurco.
19:05 of 3rd period - Stopped by Eric Comrie without a rebound.
19:06 of 3rd period - Michael McLeod wins face-off versus Nolan Patrick in Wolfpack zone.
19:07 of 3rd period - Snap shot by Mathieu Joseph.
19:07 of 3rd period - Shot Blocked by Nolan Patrick.
19:15 of 3rd period - Snap shot by Michael McLeod.
19:15 of 3rd period - Stopped by Eric Comrie with a rebound.
19:27 of 3rd period - Minor Penalty to Nelson Nogier for Hooking.
19:28 of 3rd period - Nolan Patrick wins face-off versus Kyle Connor in Moose zone.
19:58 of 3rd period - Tomas Jurco is hit by Samuel Blais and loses puck.
Goals for this period are 3 for Moose vs 0 for Wolfpack.
Shots for this period are 15 for Moose vs 11 for Wolfpack.